Map: [ESL] Alcyone

Players

SHIN - Winner!

  • Race: Zerg Zerg
  • Spawn Location: 7:00

Lambo

  • Race: Zerg Zerg
  • Spawn Location: 1:00

Event: ESL SC2 Masters 2023 Winter (Finals)

VOD

Have the link to the VOD?

Description

Time

  • Played on: Dec. 16, 2023, 10:56 a.m.
  • Length: 8:57

All games in this series

Show
View Real Time Build Order
Export as new Build Order

SHIN Zerg - Winner!

Build Orders: Hatch First 

Get SALT Encoding   

  12  0:00  Drone  
  13  0:12  Overlord  
  13  0:16  Drone  
  14  0:31  Drone x2  
  16  0:46  Hatchery  
  15  0:51  Drone  
  15  0:55  Drone  
  17  0:57  Drone  
  17  1:00  Extractor  
  17  1:06  Drone  
  18  1:16  Spawning Pool  
  17  1:20  Drone  
  18  1:28  Drone  
  19  1:40  Drone  
  20  1:49  Drone  
  21  1:59  Drone  
  22  2:03  Zergling x2, Queen x2  
  22  2:04  Metabolic Boost  
  27  2:11  Overlord  
  27  2:13  Drone  
  28  2:29  Drone x2  
  30  2:30  Drone  
  30  2:33  Drone  
  32  2:41  Drone  
  32  2:42  Hatchery  
  32  2:47  Baneling Nest  
  32  2:49  Zergling x2  
  32  2:52  Drone  
  32  2:55  Overlord  
  33  3:03  Zergling x2  
  33  3:05  Zergling x2  
  35  3:10  Zergling x2  
  35  3:12  Queen  
  36  3:14  Drone  
  36  3:15  Drone x2  
  36  3:19  Drone x2  
  43  3:22  Drone  
  43  3:24  Overlord  
  44  3:32  Roach Warren  
  43  3:35  Drone  
  43  3:38  Baneling  
  43  3:41  Overlord  
  43  3:45  Drone x3  
  46  3:50  Zergling x4  
  46  3:51  Baneling x2  
  46  3:52  Baneling  
  46  3:54  Overlord  
  48  3:56  Zergling x2  
  48  3:57  Zergling x2  
  48  4:01  Extractor, Overlord  
  49  4:12  Roach  
  49  4:13  Roach x3  
  57  4:17  Overlord  
  57  4:18  Roach  
  57  4:21  Roach  
  61  4:27  Overlord  
  61  4:28  Roach  
  62  4:32  Drone x3  
  62  4:33  Drone  
  66  4:39  Drone x3  
  69  4:45  Drone x4  
  69  4:49  Overlord  
  69  4:52  Baneling x4  
  73  4:57  Drone x2  
  73  4:58  Extractor  
  73  5:01  Drone x2  
  73  5:02  Drone  
  73  5:03  Drone  
  73  5:04  Drone  
  73  5:06  Drone  
  76  5:07  Drone  
  76  5:10  Drone  
  76  5:12  Roach  
  76  5:14  Roach  
  80  5:16  Roach  
  80  5:17  Roach  
  84  5:21  Drone  
  84  5:22  Drone  
  84  5:25  Extractor  
  84  5:26  Lair, Evolution Chamber  
  86  5:28  Roach  
  86  5:31  Roach  
  86  5:34  Roach  
  86  5:35  Overlord  
  88  5:36  Extractor  
  88  5:37  Roach  
  88  5:38  Zergling x2  
  90  5:44  Roach x2  
  90  5:46  Roach  
  90  5:48  Zergling x8  
  97  5:51  Drone x2  
  97  5:53  Drone x2  
  97  5:54  Drone  
  96  5:58  Zerg Missile Weapons Level 1  
  96  5:59  Drone x2  
  96  6:01  Drone  
  99  6:06  Extractor  
  99  6:07  Drone x3  
  99  6:08  Drone x2  
  103  6:11  Overlord  
  103  6:15  Roach x3  
  109  6:25  Spire  
  108  6:29  Hatchery  
  108  6:30  Glial Reconstitution  
  108  6:32  Roach  
  108  6:34  Drone  
  108  6:35  Drone  
  108  6:39  Overlord  
  107  6:40  Overseer  
  107  6:41  Roach x2  
  107  6:46  Roach  
  107  6:47  Roach x2  
  117  6:51  Overlord  
  117  6:52  Roach x2  
  121  6:56  Overlord x2  
  121  6:58  Overlord  
  121  7:01  Overlord  
  121  7:04  Roach x2  
  121  7:08  Roach x2  
  129  7:12  Roach x2  
  133  7:17  Overlord  
  133  7:24  Roach x7  
  147  7:34  Roach  
  147  7:35  Roach x2  
  153  7:37  Mutalisk x2  
  153  7:41  Overlord  
  153  7:42  Mutalisk  
  158  7:44  Mutalisk  
  158  7:45  Mutalisk  
  158  7:48  Roach x2  
  166  7:53  Roach x3  
  166  7:56  Extractor  
  166  7:57  Queen  
  173  8:00  Roach  
  173  8:01  Roach  
  179  8:05  Roach  
  179  8:06  Roach x2  
  179  8:10  Roach x3  
  189  8:13  Roach  
  189  8:16  Overlord  
  189  8:27  Roach  
  189  8:33  Roach x3  
  189  8:34  Roach x6  
  189  8:36  Roach  
  189  8:37  Roach  
Show
View Real Time Build Order
Export as new Build Order

Lambo Zerg 

Build Orders: Hatch First 

Get SALT Encoding   

  12  0:00  Drone  
  13  0:12  Overlord  
  13  0:17  Drone  
  14  0:31  Drone x2  
  16  0:47  Hatchery  
  15  0:51  Drone  
  15  0:54  Drone  
  17  0:57  Drone  
  18  1:08  Extractor  
  17  1:12  Spawning Pool  
  17  1:16  Drone  
  17  1:19  Drone  
  18  1:27  Drone  
  19  1:38  Drone  
  20  1:49  Drone  
  21  1:59  Queen x2  
  21  2:00  Zergling x2, Overlord  
  26  2:08  Metabolic Boost  
  26  2:09  Drone  
  26  2:10  Drone  
  28  2:21  Drone x2  
  30  2:31  Drone  
  30  2:32  Zergling x2  
  32  2:38  Hatchery  
  32  2:42  Drone  
  32  2:46  Baneling Nest  
  32  2:49  Overlord  
  31  2:52  Drone  
  31  2:57  Drone  
  33  3:00  Queen  
  33  3:03  Zergling x2  
  36  3:09  Drone x2  
  36  3:10  Drone  
  36  3:12  Zergling x2  
  40  3:15  Drone  
  40  3:19  Overlord  
  41  3:22  Zergling x4  
  43  3:27  Overlord  
  43  3:30  Baneling x4  
  43  3:33  Drone  
  44  3:38  Zergling x4  
  44  3:40  Drone x2  
  48  3:48  Drone  
  49  3:49  Roach Warren  
  49  3:50  Extractor, Drone  
  49  3:52  Drone  
  49  3:53  Drone  
  50  3:57  Drone x2  
  51  4:03  Drone x3  
  51  4:06  Drone  
  55  4:10  Overlord  
  55  4:12  Drone x3  
  58  4:19  Drone  
  58  4:22  Overlord  
  58  4:23  Drone  
  60  4:26  Evolution Chamber  
  60  4:29  Drone x2  
  60  4:31  Drone  
  62  4:32  Drone  
  62  4:33  Drone  
  62  4:35  Drone  
  65  4:39  Overlord  
  65  4:41  Spine Crawler  
  65  4:43  Spine Crawler  
  63  4:47  Roach x5  
  63  4:50  Roach  
  75  4:55  Roach  
  75  4:56  Roach x2  
  81  5:04  Roach x3  
  84  5:09  Baneling  
  83  5:14  Zergling x10  
  83  5:18  Drone x6  
  90  5:25  Overlord  
  90  5:27  Extractor  
  88  5:29  Queen  
  88  5:30  Evolution Chamber  
  88  5:32  Lair  
  88  5:33  Drone x2  
  89  5:43  Queen  
  89  5:45  Extractor  
  89  5:48  Drone x6  
  89  5:51  Drone  
  89  5:55  Drone x3  
  89  5:57  Zerg Missile Weapons Level 1  
  89  6:00  Drone  
  89  6:02  Extractor x2  
  89  6:03  Drone x2, Hatchery  
  87  6:10  Drone  
  87  6:12  Roach  
  87  6:14  Roach  
  91  6:20  Roach  
  91  6:24  Overlord  
  93  6:25  Ravager  
  93  6:26  Evolution Chamber  
  93  6:29  Roach  
  97  6:32  Roach  
  97  6:34  Glial Reconstitution  
  97  6:35  Overlord  
  97  6:36  Overlord  
  97  6:37  Overlord  
  97  6:39  Overlord  
  97  6:42  Overlord, Ravager  
  97  6:45  Roach x4  
  97  6:46  Pneumatized Carapace  
  106  6:53  Queen  
  108  6:54  Overseer  
  108  6:57  Overlord  
  108  6:59  Roach x6  
  120  7:03  Overlord  
  120  7:04  Roach x3  
  126  7:11  Roach x2  
  130  7:18  Roach x3  
  130  7:21  Extractor, Roach x2  
  139  7:26  Roach x3  
  145  7:31  Overlord  
  145  7:32  Roach x4  
  145  7:35  Overlord  
  145  7:36  Overlord  
  153  7:40  Hydralisk Den  
  152  7:47  Drone  
  152  7:48  Drone  
  152  7:49  Drone  
  152  7:50  Drone  
  156  7:54  Spore Crawler  
  156  7:55  Drone  
  156  7:56  Drone x2, Spore Crawler  
  156  7:57  Spore Crawler  
  156  7:58  Drone  
  157  8:00  Drone x2, Spore Crawler  
  157  8:01  Roach  
  157  8:03  Spore Crawler  
  159  8:11  Hydralisk x4  
  167  8:13  Ravager x2  
  167  8:18  Overlord  
  167  8:19  Hydralisk x2  
  171  8:27  Roach Warren  
Tags
 
Add a new tag
Caveats
  • Supply blocks, unpowered buildings, or Contaminate may cause inaccurate times.
  • Supply counts are checked every 10 seconds.